Map: Blackburn LE

Players

Nina

  • Race: Protoss Protoss

Astrea - Winner!

  • Race: Protoss Protoss

Event: DreamHack SC2 Masters 2021 Fall

VOD

Have the link to the VOD?

Description

Time

  • Played on: Aug. 13, 2021, 5:09 p.m.
  • Length: 11:31

All games in this series

Show
View Real Time Build Order
Export as new Build Order

Nina Protoss 

Build Orders:  

Get SALT Encoding   

  12  0:00  Probe  
  13  0:12  Probe  
  14  0:18  Pylon  
  14  0:24  Probe  
  15  0:36  Probe (Chrono Boost)  
  15  0:38  Gateway  
  16  0:48  Probe (Chrono Boost)  
  17  0:52  Probe (Chrono Boost)  
  18  1:03  Probe  
  19  1:16  Probe  
  20  1:22  Assimilator  
  20  1:25  Cybernetics Core, Zealot  
  22  1:27  Pylon  
  22  1:28  Probe  
  23  1:45  Probe  
  24  1:54  Assimilator  
  24  1:57  Probe  
  24  2:00  Adept (Chrono Boost)  
  27  2:09  Probe  
  28  2:21  Nexus, Probe  
  29  2:25  Shield Battery  
  29  2:33  Gateway  
  30  2:45  Stalker, Warp Gate  
  30  2:49  Pylon  
  31  3:07  Shield Battery, Probe  
  32  3:15  Stalker (Chrono Boost)  
  32  3:19  Probe  
  35  3:24  Stalker (Chrono Boost)  
  35  3:30  Pylon  
  35  3:32  Probe  
  36  3:35  Probe  
  37  3:44  Probe  
  37  3:47  Stalker (Chrono Boost), Probe  
  39  3:52  Stalker (Chrono Boost)  
  41  3:56  Probe  
  41  3:59  Probe  
  43  4:08  Probe  
  43  4:09  Twilight Council  
  44  4:11  Probe  
  45  4:21  Probe  
  45  4:23  Probe  
  45  4:30  Pylon  
  43  4:33  Adept, Probe  
  43  4:34  Adept  
  43  4:37  Probe  
  49  4:41  Blink (Chrono Boost)  
  49  4:45  Probe  
  50  4:50  Probe  
  50  4:54  Stalker  
  50  4:55  Stalker  
  50  4:59  Probe  
  55  5:02  Probe  
  56  5:11  Probe  
  55  5:14  Probe  
  55  5:18  Stalker  
  55  5:19  Stalker  
  58  5:23  Probe  
  58  5:26  Probe  
  58  5:27  Forge  
  60  5:31  Assimilator  
  60  5:36  Probe  
  60  5:39  Gateway  
  60  5:41  Stalker  
  60  5:42  Stalker  
  65  5:44  Pylon  
  65  5:52  Probe  
  66  5:58  Protoss Ground Weapons Level 1 (Chrono Boost)  
  66  5:59  Nexus  
  66  6:03  Pylon  
  66  6:10  Photon Cannon  
  66  6:11  Probe  
  66  6:12  Probe  
  68  6:19  Stalker  
  71  6:30  Gateway x2  
  71  6:32  Gateway  
  70  6:35  Stalker  
  72  6:42  Photon Cannon  
  72  6:45  Stalker  
  74  6:48  Probe  
  74  6:52  Probe  
  76  6:55  Pylon  
  76  7:03  Probe  
  76  7:04  Probe  
  78  7:11  Stalker x2  
  78  7:14  Gateway  
  78  7:15  Probe  
  83  7:16  Probe  
  83  7:17  Robotics Facility  
  83  7:19  Probe  
  82  7:27  Probe  
  82  7:28  Probe  
  84  7:36  Stalker x2  
  82  7:37  Probe  
  82  7:41  Probe  
  82  7:42  Probe  
  85  7:44  Shield Battery  
  85  7:49  Probe  
  83  7:53  Probe  
  83  7:54  Probe  
  83  7:55  Stalker  
  87  7:59  Stalker  
  87  8:00  Sentry  
  87  8:01  Sentry  
  87  8:05  Pylon  
  93  8:07  Pylon  
  93  8:14  Protoss Ground Weapons Level 2 (Chrono Boost)  
  93  8:16  Pylon  
  93  8:22  Probe  
  93  8:23  Probe x2  
  92  8:27  Stalker x2  
  92  8:29  Observer (Chrono Boost)  
  94  8:34  Probe  
  94  8:35  Probe x2  
  94  8:43  Stalker  
  94  8:46  Probe  
  94  8:47  Probe x2  
  95  8:53  Stalker  
  91  8:56  Stalker  
  91  8:57  Stalker x2  
  91  8:58  Probe  
  91  8:59  Probe x2  
  91  9:10  Probe  
  91  9:11  Stalker x2, Probe x2  
  91  9:15  Observer (Chrono Boost)  
  99  9:22  Probe  
  100  9:26  Assimilator x2  
  100  9:27  Assimilator  
  99  9:35  Stalker x3  
  99  9:37  Probe  
  102  9:42  Stalker  
  102  9:45  Stalker, Zealot  
  106  9:50  Pylon  
  106  10:00  Stalker  
  106  10:02  Stalker x2  
  106  10:05  Adept  
  113  10:10  Probe x2  
  115  10:14  Probe  
  116  10:22  Probe  
  116  10:25  Pylon  
  116  10:27  Pylon  
  116  10:28  Pylon  
  105  10:43  Adept x6  
  91  11:02  Observer  
  91  11:03  Adept x4  
  91  11:04  Stalker x2  
  100  11:07  Probe x3  
  99  11:25  Robotics Bay  
Show
View Real Time Build Order
Export as new Build Order

Astrea Protoss - Winner!

Build Orders: Oracle Opening 

Get SALT Encoding   

  12  0:00  Probe  
  13  0:12  Probe  
  14  0:18  Pylon  
  14  0:24  Probe (Chrono Boost)  
  15  0:36  Probe (Chrono Boost)  
  15  0:40  Gateway  
  16  0:45  Probe (Chrono Boost)  
  16  0:46  Assimilator  
  17  0:51  Probe  
  17  0:56  Assimilator  
  18  1:03  Probe (Chrono Boost)  
  19  1:09  Pylon  
  19  1:14  Probe (Chrono Boost)  
  20  1:19  Probe (Chrono Boost)  
  21  1:29  Cybernetics Core, Probe  
  22  1:33  Pylon  
  22  1:41  Zealot, Probe  
  25  1:53  Probe  
  26  2:05  Probe  
  26  2:06  Stargate  
  27  2:08  Adept  
  29  2:16  Warp Gate  
  29  2:25  Pylon  
  28  2:40  Nexus  
  28  2:46  Adept  
  30  2:53  Oracle (Chrono Boost)  
  33  3:04  Probe  
  32  3:16  Probe  
  33  3:20  Oracle (Chrono Boost)  
  36  3:28  Probe  
  37  3:40  Twilight Council, Probe  
  38  3:51  Gateway  
  38  3:52  Probe (Chrono Boost)  
  40  3:58  Probe (Chrono Boost)  
  40  4:02  Probe (Chrono Boost)  
  41  4:06  Probe (Chrono Boost)  
  41  4:07  Probe (Chrono Boost)  
  43  4:10  Forge  
  43  4:13  Blink (Chrono Boost)  
  43  4:17  Probe  
  44  4:19  Probe  
  45  4:29  Probe  
  45  4:31  Probe  
  47  4:32  Gateway  
  47  4:35  Gateway  
  47  4:36  Stalker  
  49  4:41  Pylon, Probe  
  49  4:44  Probe  
  51  4:45  Protoss Ground Weapons Level 1 (Chrono Boost)  
  51  4:53  Probe  
  51  4:54  Stalker  
  51  4:59  Probe  
  54  5:02  Pylon  
  53  5:07  Probe  
  53  5:11  Probe  
  53  5:15  Stalker  
  55  5:26  Assimilator  
  55  5:29  Stalker x2  
  55  5:32  Probe  
  55  5:35  Nexus  
  60  5:36  Stalker  
  62  5:46  Shield Battery  
  62  5:48  Pylon  
  62  5:52  Probe  
  62  5:53  Pylon  
  61  6:03  Probe  
  62  6:06  Probe  
  62  6:10  Stalker x3  
  69  6:14  Charge  
  69  6:15  Pylon  
  69  6:17  Probe  
  70  6:18  Probe  
  70  6:22  Robotics Facility  
  71  6:29  Probe  
  71  6:30  Stalker  
  71  6:31  Probe  
  75  6:34  Pylon  
  75  6:36  Protoss Ground Weapons Level 2 (Chrono Boost)  
  75  6:41  Probe  
  75  6:44  Probe  
  77  6:48  Probe  
  77  6:50  Stalker  
  77  6:53  Probe  
  81  6:56  Probe  
  81  7:01  Probe  
  83  7:02  Stalker x2  
  83  7:05  Probe  
  83  7:07  Stalker  
  90  7:12  Pylon  
  90  7:13  Pylon, Probe x2  
  92  7:16  Observer  
  92  7:17  Probe  
  92  7:27  Zealot x3  
  98  7:32  Gateway  
  98  7:35  Gateway  
  98  7:38  Observer  
  98  7:40  Gateway  
  98  7:43  Gateway, Zealot  
  101  7:50  Stalker x2  
  105  7:51  Pylon, Stalker  
  107  7:59  Photon Cannon  
  107  8:00  Warp Prism (Chrono Boost)  
  107  8:01  Assimilator  
  109  8:05  Pylon  
  109  8:12  Stalker  
  111  8:15  Stalker x2  
  111  8:18  Stalker  
  117  8:29  Pylon  
  111  8:41  Zealot x8  
  117  8:57  Nexus  
  113  9:10  Stalker x5  
  113  9:11  Stalker x3  
  127  9:23  Assimilator  
  127  9:26  Pylon  
  127  9:43  Zealot x5  
  127  9:44  Zealot x3  
  143  9:58  Pylon  
  143  10:06  Zealot x3  
  149  10:10  Zealot x5  
  157  10:20  Probe x4  
  157  10:23  Photon Cannon  
  157  10:26  Robotics Bay  
  157  10:27  Robotics Facility  
  141  10:36  Zealot x6  
  123  10:58  Stalker x6  
  123  10:59  Stalker  
  123  11:02  Probe x2  
  123  11:03  Probe  
  120  11:18  Shield Battery  

Tags
 
Add a new tag
Caveats
  • Supply blocks, unpowered buildings, or Contaminate may cause inaccurate times.
  • Supply counts are checked every 10 seconds.